[Event "Team 45 45 League T42"]
[Site "Internet Chess Club"]
[Date "2009.08.03"]
[Round "1"]
[White "TerryMalloy"]
[Black "QueensCounselor"]
[Result "1-0"]
[WhiteElo "2031"]
[BlackElo "2050"]
[Opening "Sicilian: Canal-Sokolsky attack, Sokolsky variation"]
[ECO "B52"]
[Time "12:01:06"]
[TimeControl "2700+45"]

1. e4 c5 2. Nf3 d6 3. Bb5+ Bd7 4. Bxd7+ Qxd7 5. c4 Nc6 6. Nc3 Nf6 7. O-O g6 8.
d4 cxd4 9. Nxd4 Bg7 10. Nde2 O-O 11. f3 a6 12. a4 Rfc8 13. Rb1 Qd8 14. Be3 Nd7
15. Qd2 Na5 16. b3 Nc5 17. Qa2 Nc6 18. Qd2 Ne5 19. Rfd1 Rab8 20. Kh1 b6 21. h3
Nc6 22. Nd5 b5 23. axb5 axb5 24. b4 Nd7 25. cxb5 Rxb5 26. Rdc1 Rbb8 27. Bg5 f6
28. Be3 Nde5 29. Ndf4 Qd7 30. Qd5+ Kh8 31. b5 Nd8 32. Rxc8 Rxc8 33. b6 Nec6 34.
Qb5 e5 35. Nd5 f5 36. Bg5 Qb7 37. Bxd8 Rxd8 38. Rc1 Rc8 39. Rxc6 Rxc6 40. Ne7
Qxb6 41. Qxc6 Qxc6 42. Nxc6 Kg8 43. Nc3 Kf7 44. Kg1 Ke6 45. Kf2 Bh6 46. Ke2 fxe4
47. fxe4 Bc1 48. Nd5 h6 49. Kd3 Bg5 50. Kc4 h5 51. Kb5 Bh4 52. Nb8 Bf2 53. Kc6
Bc5 54. Na6 Ba3 55. Nac7+ Kf7 56. Kd7 g5 57. g4 hxg4 58. hxg4 Bc5 59. Nb5 Kg6
60. Nxd6 Bf2 61. Ke6 Bd4 62. Nc4 Ba1 63. Nxe5+ Kh6 64. Kf5 Kh7 65. Nf7 {Black
resigns} 1-0

[Event "Team 45 45 League T42"]
[Site "Internet Chess Club"]
[Date "2009.08.01"]
[Round "1"]
[White "livis"]
[Black "Guoruey"]
[Result "1-0"]
[WhiteElo "2042"]
[BlackElo "1996"]
[Opening "Sicilian: Grand Prix attack"]
[ECO "B21"]
[Time "17:05:27"]
[TimeControl "2700+45"]

1. e4 c5 2. f4 g6 3. Nf3 Bg7 4. Bc4 Nc6 5. c3 e6 6. O-O Nge7 7. d4 cxd4 8. cxd4
d5 9. exd5 exd5 10. Bb3 O-O 11. Nc3 Bg4 12. Ne2 Qb6 13. Be3 Nf5 14. Bf2 Bxf3 15.
gxf3 Rfd8 16. Nc3 Bxd4 17. Nxd5 Bxf2+ 18. Rxf2 Qd4 19. Qxd4 Ncxd4 20. Rd1 Nxb3
21. axb3 Kg7 22. Rfd2 Rxd5 23. Rxd5 Ne3 24. Rd8 Nxd1 25. Rxa8 a6 26. Ra7 Nxb2
27. Rxb7 Nd3 28. Rb6 a5 29. Rb5 Nc1 30. Kf1 Kf6 31. Ke1 Ke6 32. Kd2 {Black
resigns} 1-0

[Event "Team 45 45 League T42"]
[Site "Internet Chess Club"]
[Date "2009.07.31"]
[Round "1"]
[White "MeanMrMustard"]
[Black "rubo"]
[Result "1-0"]
[WhiteElo "1923"]
[BlackElo "1695"]
[Opening "Caro-Kann: classical, Spassky variation"]
[ECO "B19"]
[Time "22:00:09"]
[TimeControl "2700+45"]

1. e4 c6 2. d4 d5 3. Nc3 dxe4 4. Nxe4 Bf5 5. Ng3 Bg6 6. h4 h6 7. Nf3 Nd7 8. h5
Bh7 9. Bd3 Bxd3 10. Qxd3 Qc7 11. Bd2 e6 12. O-O-O Ngf6 13. Ne4 O-O-O 14. g3 Nxe4
15. Qxe4 Nf6 16. Qe2 Bd6 17. c4 c5 18. Bc3 Rhe8 19. Kb1 Re7 20. dxc5 Qxc5 21.
Ne5 Bxe5 22. Bxe5 Red7 23. Rxd7 Rxd7 24. f4 Qc6 25. Re1 Qc5 26. g4 Qa5 27. Bc3
Qd8 28. Kc2 Qc7 29. g5 hxg5 30. fxg5 Ne8 31. h6 gxh6 32. gxh6 Qf4 33. h7 Qf5+
34. Qe4 Qxe4+ 35. Rxe4 f5 36. h8=Q Rd8 37. Rd4 Nd6 38. Qe5 {Black resigns} 1-0

[Event "Team 45 45 League T42"]
[Site "Internet Chess Club"]
[Date "2009.07.29"]
[Round "1"]
[White "chiiwen"]
[Black "Hubris123"]
[Result "1-0"]
[WhiteElo "2069"]
[BlackElo "2043"]
[Opening "Caro-Kann: classical, Spassky variation"]
[ECO "B19"]
[Time "13:30:11"]
[TimeControl "2700+45"]

1. e4 c6 2. d4 d5 3. Nd2 dxe4 4. Nxe4 Bf5 5. Ng3 Bg6 6. h4 h6 7. Nf3 Nd7 8. h5
Bh7 9. Bd3 e6 10. Bxh7 Rxh7 11. Qd3 Ngf6 12. Bf4 Qa5+ 13. Bd2 Qb6 14. O-O-O Bd6
15. Ne4 Nxe4 16. Qxe4 Nf6 17. Qe2 O-O-O 18. c4 Qa6 19. Kb1 Rhh8 20. Bc3 Nd5 21.
Qd3 Nxc3+ 22. Qxc3 Bc7 23. Ne5 Rhf8 24. f3 Kb8 25. Rhe1 Ba5 26. b4 Bb6 27. Rd3
Bc7 28. Red1 Qa4 29. Qb3 Qxb3+ 30. axb3 Bd6 31. c5 Bxe5 32. dxe5 Rd5 33. Rxd5
cxd5 34. Kc2 Rc8 35. Kd3 b6 36. Rc1 a5 37. bxa5 Rxc5 38. Rxc5 bxc5 39. Kc3 Kb7
40. b4 Kc6 41. f4 Kb5 42. bxc5 Kxa5 43. g4 Kb5 44. Kd4 Kc6 45. f5 Kd7 46. f6
gxf6 47. exf6 Kc6 48. g5 {Black resigns} 1-0

[Event "Team 45 45 League T42"]
[Site "Internet Chess Club"]
[Date "2009.08.02"]
[Round "1"]
[White "Merciful"]
[Black "jeffc0667"]
[Result "0-1"]
[WhiteElo "1883"]
[BlackElo "1946"]
[Opening "Sicilian, Chekhover variation"]
[ECO "B53"]
[Time "00:03:24"]
[TimeControl "2700+45"]

1. e4 c5 2. Nf3 d6 3. d4 cxd4 4. Qxd4 Nc6 5. Bb5 Bd7 6. Bxc6 Bxc6 7. Nc3 Nf6 8.
Bg5 e5 9. Qd3 h6 10. Bxf6 Qxf6 11. Nd5 Qd8 12. Nd2 Qd7 13. Nc4 Bxd5 14. Qxd5 Qc6
15. Qd3 Rc8 16. Ne3 Be7 17. O-O g6 18. Rfd1 Bg5 19. c3 Bxe3 20. Qxe3 Qc5 21. Qh3
Rd8 22. Rd5 Qc4 23. Qe3 f5 24. f3 b6 25. b3 Qc6 26. Rad1 f4 27. Qd3 Ke7 28. c4
Rd7 29. b4 Rhd8 30. Qc3 Qc7 31. c5 bxc5 32. bxc5 Ke6 33. cxd6 Qxc3 {White
resigns} 0-1

[Event "Team 45 45 League T42"]
[Site "Internet Chess Club"]
[Date "2009.08.02"]
[Round "1"]
[White "chess9793"]
[Black "cityprosecutor"]
[Result "0-1"]
[WhiteElo "1859"]
[BlackElo "1805"]
[Opening "Sicilian: dragon, Yugoslav attack"]
[ECO "B75"]
[Time "21:01:35"]
[TimeControl "2700+45"]

1. e4 c5 2. Nf3 d6 3. d4 cxd4 4. Nxd4 Nf6 5. Nc3 g6 6. Be3 Bg7 7. f3 Nc6 8. Qd2
Bd7 9. Bc4 Rc8 10. Bb3 O-O 11. O-O-O Ne5 12. g4 Nc4 13. Bxc4 Rxc4 14. h4 h5 15.
gxh5 Nxh5 16. Rdg1 Qa5 17. Qd3 Rfc8 18. Nb3 Rxc3 19. bxc3 Qxa2 20. Bd4 Nf4 21.
Qd2 Bh6 22. Be3 Rxc3 23. Kd1 Rxb3 24. Bxf4 Rb1+ 25. Ke2 Bxf4 26. Qxf4 Qxc2+ 27.
Qd2 Bb5+ 28. Ke3 Rb3+ 29. Kf4 Qxd2+ 30. Kg4 e5 31. Rg3 Qf4+ 32. Kh3 Rxf3 33. Rg1
Rxg3+ 34. Rxg3 Bf1+ 35. Kh2 Qxh4+ 36. Kg1 Qxg3+ 37. Kxf1 Qh2 {White resigns} 0-1

[Event "Team 45 45 League T42"]
[Site "Internet Chess Club"]
[Date "2009.07.29"]
[Round "1"]
[White "VietLion"]
[Black "chess9397"]
[Result "0-1"]
[WhiteElo "1903"]
[BlackElo "1851"]
[Opening "Sicilian: accelerated fianchetto, Maróczy bind"]
[ECO "B36"]
[Time "13:01:06"]
[TimeControl "2700+45"]

1. e4 c5 2. Nf3 Nc6 3. d4 cxd4 4. Nxd4 g6 5. c4 Nf6 6. Nc3 d6 7. Be2 Nxd4 8.
Qxd4 Bg7 9. Be3 O-O 10. Qd2 Be6 11. Bd4 a6 12. f3 Rc8 13. Nd5 Bxd5 14. cxd5 Nd7
15. Bxg7 Kxg7 16. Qd4+ Kg8 17. O-O Qb6 18. Qxb6 Nxb6 19. Rfc1 Na4 20. b4 Nc3 21.
Bd3 Rc7 22. a4 Rfc8 23. Re1 Kg7 24. Kf2 h5 25. Kg3 Kh6 26. h4 Kg7 27. Kf4 Kf6
28. g4 hxg4 29. fxg4 e6 30. dxe6 fxe6 31. g5+ Kg7 32. Kg4 Rf7 33. e5 dxe5 34.
Rxe5 Rcf8 35. Rg1 Nd5 36. Be4 Rf4+ 37. Kg3 Ne3 38. Rc1 Rg4+ 39. Kh3 Rff4 40.
Bxb7 Rxh4+ 41. Kg3 Nf5+ 42. Kg2 Rhg4+ 43. Kh2 Rxg5 44. Re4 Rf2+ 45. Kh3 Rg3#
{White checkmated} 0-1

[Event "Team 45 45 League T42"]
[Site "Internet Chess Club"]
[Date "2009.08.01"]
[Round "1"]
[White "CheeryCherry"]
[Black "lw"]
[Result "1-0"]
[WhiteElo "1471"]
[BlackElo "1560"]
[Opening "Robatsch (modern) defense"]
[ECO "B06"]
[Time "12:58:00"]
[TimeControl "2700+45"]

1. e4 g6 2. d4 d6 3. Nf3 Bg7 4. Bc4 Nf6 5. Nbd2 O-O 6. O-O c6 7. c3 Be6 8. Bxe6
fxe6 9. Ng5 Qd7 10. Qb3 d5 11. e5 Ne8 12. f4 h6 13. Nh3 b6 14. Qc2 c5 15. Qxg6
cxd4 16. cxd4 Nc6 17. Nf3 Nf6 18. exf6 Rxf6 19. Qd3 Rf5 20. Bd2 Raf8 21. Ne5
Nxe5 22. fxe5 Qe8 23. Rxf5 exf5 24. Rf1 e6 25. Rf3 Qh5 26. Nf4 Qg4 27. Nxe6 Rf7
28. h3 Qg6 29. Nf4 Qc6 30. Rg3 Qa4 31. Nxd5 Qd1+ 32. Kh2 Kh8 33. e6 f4 34. Bxf4
{Black resigns} 1-0

[Event "Team 45 45 League T42"]
[Site "Internet Chess Club"]
[Date "2009.07.31"]
[Round "1"]
[White "BotanicalKnight"]
[Black "nobull"]
[Result "0-1"]
[WhiteElo "1518"]
[BlackElo "1458"]
[Opening "King's pawn opening"]
[ECO "B07"]
[Time "21:02:04"]
[TimeControl "2700+45"]

1. e4 d6 2. g3 g6 3. Bg2 Bg7 4. Nc3 c6 5. f4 e5 6. d3 f5 7. Nf3 Ne7 8. O-O exf4
9. Bxf4 Qb6+ 10. Kh1 Qxb2 11. Rb1 Qxc3 12. Bxd6 Qa5 13. exf5 Bxf5 14. Rxb7 Nd7
15. Re1 Bf6 16. Qe2 O-O-O 17. Rc7+ Qxc7 18. Bxc7 Kxc7 19. Qd2 Rb8 20. Qa5+ Nb6
21. Qxa7+ Rb7 22. Qa3 Ra8 23. Rxe7+ Bxe7 24. Qxe7+ Nd7 25. Ne5 Rb1+ 26. Bf1
Rxf1+ 27. Kg2 Re1 {White resigns} 0-1

[Event "Team 45 45 League T42"]
[Site "Internet Chess Club"]
[Date "2009.07.31"]
[Round "1"]
[White "SeniorCitizen"]
[Black "IanT"]
[Result "1-0"]
[WhiteElo "1313"]
[BlackElo "1486"]
[Opening "Danish gambit"]
[ECO "C21"]
[Time "09:00:17"]
[TimeControl "2700+45"]

1. e4 e5 2. d4 exd4 3. c3 dxc3 4. Bc4 cxb2 5. Bxb2 Bb4+ 6. Nd2 Nf6 7. Nf3 O-O 8.
O-O d6 9. Qb3 Bxd2 10. Nxd2 Qe7 11. Qg3 Nh5 12. Qc3 Qg5 13. Nf3 Qg6 14. Rfe1 Nf4
15. Nh4 Qg5 16. Re3 Bh3 17. Rg3 Qe5 18. Qxe5 dxe5 19. Bxe5 Ng6 20. Nxg6 hxg6 21.
gxh3 Nd7 22. Bb2 Rfe8 23. Re1 Ne5 24. Bxe5 Rxe5 25. Rxg6 Rae8 26. Rg4 b5 27. Bb3
a5 28. Kf1 a4 29. Bd5 Kf8 30. Rf4 f6 31. Rf5 a3 32. Rxe5 Rxe5 33. Rc1 f5 34. f3
fxe4 35. fxe4 b4 36. Rxc7 Rh5 37. Rb7 Rxh3 38. Kg2 Rd3 39. Rxb4 Rd2+ 40. Kg3
Rd3+ 41. Kg4 Rd2 42. h3 Rxa2 43. Bxa2 {Black resigns} 1-0

[Event "Team 45 45 League T42"]
[Site "Internet Chess Club"]
[Date "2009.08.02"]
[Round "1"]
[White "Conjurer"]
[Black "MikeA"]
[Result "0-1"]
[WhiteElo "1226"]
[BlackElo "1332"]
[Opening "QGD Slav defense"]
[ECO "D10"]
[Time "15:01:46"]
[TimeControl "2700+45"]

1. d4 d5 2. c4 c6 3. Nc3 Nf6 4. h3 e6 5. Bg5 h6 6. Bh4 dxc4 7. e3 b5 8. a4 g5 9.
Bg3 a6 10. axb5 Bb7 11. bxc6 Nxc6 12. Bxc4 Bg7 13. Nf3 O-O 14. O-O g4 15. hxg4
Nxg4 16. Nh2 Nf6 17. Qd3 a5 18. Na4 Nb4 19. Qe2 Nd7 20. Rfd1 Qe7 21. Nc5 Nxc5
22. dxc5 Qxc5 23. Bd6 Qg5 24. Nf3 Bxf3 25. Qxf3 Rfc8 26. Qe2 Bxb2 27. Bf4 Qf6
28. Rab1 Be5 29. Bxe5 Qxe5 30. Qg4+ Qg7 31. Qh4 Qg5 32. Rd4 Qxh4 33. Rxh4 Kg7
34. Rd1 Rd8 35. Rg4+ Kf6 36. Rgd4 Rxd4 37. Rxd4 a4 38. Rf4+ Ke7 39. Bb5 a3 40.
Rxb4 a2 41. Ra4 Rxa4 42. Bxa4 a1=Q+ 43. Kh2 Qxa4 44. g4 Qxg4 45. f3 Qxf3 46. e4
Qxe4 47. Kh3 Qf5+ 48. Kh4 e5 49. Kg3 e4 50. Kh4 e3 {White resigns} 0-1

[Event "Team 45 45 League T42"]
[Site "Internet Chess Club"]
[Date "2009.08.03"]
[Round "1"]
[White "rookmaster23"]
[Black "Zyme"]
[Result "1-0"]
[WhiteElo "1448"]
[BlackElo "1445"]
[Opening "King's Indian: orthodox, Aronin-Taimanov, bayonet attack"]
[ECO "E97"]
[Time "14:02:05"]
[TimeControl "2700+45"]

1. d4 Nf6 2. c4 g6 3. Nc3 Bg7 4. e4 d6 5. Nf3 O-O 6. Be2 e5 7. O-O Nc6 8. d5 Ne7
9. b4 Nd7 10. Re1 f5 11. Ng5 Nf6 12. exf5 gxf5 13. c5 Kh8 14. Bh5 Rg8 15. Nf7#
{Black checkmated} 1-0

[Event "Team 45 45 League T42"]
[Site "Internet Chess Club"]
[Date "2009.08.03"]
[Round "1"]
[White "AlPearson"]
[Black "Fiercehermit"]
[Result "1-0"]
[WhiteElo "1420"]
[BlackElo "1280"]
[Opening "English, 1...Nf6 (Anglo-Indian defense)"]
[ECO "A15"]
[Time "19:00:45"]
[TimeControl "2700+45"]

1. c4 Nf6 2. g3 g6 3. Bg2 Bg7 4. e4 d6 5. Ne2 O-O 6. O-O e5 7. Nbc3 a5 8. d3 h6
9. b3 Nc6 10. Bb2 Bd7 11. Qd2 Qc8 12. Nd5 Nxd5 13. cxd5 Ne7 14. Rac1 c6 15. f4
f5 16. fxe5 fxe4 17. exd6 Nf5 18. dxe4 Nxd6 19. Bxg7 Kxg7 20. Qb2+ Kh7 21. Qe5
Nf7 22. Qe7 Qe8 23. Qxe8 Raxe8 24. Nd4 Ne5 25. dxc6 Bxc6 26. Nxc6 bxc6 27. Rxf8
Rxf8 28. Rc5 Re8 29. Rxa5 Kg7 30. Kf1 Kf7 31. Ke2 Ke6 32. Bh3+ Kd6 33. Ra6 Kc5
34. Ke3 g5 35. Ra7 g4 36. Bf1 Rf8 37. Be2 Rf6 38. a3 Kd6 39. Ra6 h5 40. b4 Kc7
41. b5 Kb7 42. Kd4 Rf2 43. Kxe5 Rxe2 44. Kf4 Rxh2 45. Kg5 cxb5 46. Rh6 Re2 47.
Kf4 Rf2+ 48. Ke5 Rf3 49. Rxh5 Rxa3 50. Rg5 Rxg3 51. Kf4 Rf3+ 52. Kxg4 Rb3 53. e5
Kc7 54. Kf4 Kd7 55. Rg6 Rb4+ 56. Ke3 Rb3+ 57. Kd4 Rb1 58. Rb6 b4 59. Kd5 Ke7 60.
Rb7+ Kd8 61. Kd6 Ke8 62. Kc5 b3 63. Kd6 b2 64. Ke6 Kd8 65. Rb3 Kc8 66. Rc3+ Kd8
67. Rc2 Ra1 68. Rxb2 Ra6+ 69. Kf7 Ra7+ 70. Kf6 Re7 71. Rb8+ Kd7 72. Rb7+ Kd8 73.
Rxe7 {Black resigns} 1-0

[Event "Team 45 45 League T42"]
[Site "Internet Chess Club"]
[Date "2009.07.31"]
[Round "1"]
[White "BosqueVerde"]
[Black "AtomicDog"]
[Result "1-0"]
[WhiteElo "1273"]
[BlackElo "1370"]
[Opening "Nimzo-Indian: classical variation"]
[ECO "E32"]
[Time "11:01:18"]
[TimeControl "2700+45"]

1. d4 Nf6 2. c4 e6 3. Nc3 Bb4 4. Qc2 O-O 5. Nf3 b6 6. Bg5 Bb7 7. e4 h6 8. Bh4
Bxc3+ 9. bxc3 d6 10. Rd1 Bxe4 11. Qxe4 Nxe4 12. Bxd8 Rxd8 13. Rd3 c6 14. Be2 d5
15. cxd5 exd5 16. O-O Nd7 17. Ne5 Nxe5 18. dxe5 f5 19. exf6 Nxf6 20. Re1 Re8 21.
Kf1 Re7 22. Rc1 Rae8 23. Bf3 Re5 24. g3 Ne4 25. c4 Nc5 26. Rd4 dxc4 27. Bxc6 Nd3
28. Rcxc4 Re1+ 29. Kg2 R8e3 30. fxe3 Re2+ 31. Kh3 Nf2+ 32. Kh4 Kh7 33. Be4+ Nxe4
34. Rxe4 Rxh2+ 35. Kg4 Rxa2 36. Ra4 Rf2 37. Rxa7 Rf6 38. Ree7 Rg6+ 39. Kf4 h5
40. e4 Rg4+ 41. Kf3 Rg6 42. Rab7 Kh6 43. e5 Kg5 44. e6 Rf6+ 45. Ke4 g6 46. Rxb6
Kg4 47. Ke5 Rf5+ 48. Kd6 Rg5 49. Rf7 Kxg3 50. e7 h4 51. e8=Q h3 52. Rh7 h2 53.
Qe3+ Kg2 54. Qxg5+ {Black resigns} 1-0

[Event "Team 45 45 League T42"]
[Site "Internet Chess Club"]
[Date "2009.08.04"]
[Round "1"]
[White "parrot9"]
[Black "tightfist"]
[Result "1-0"]
[WhiteElo "1777"]
[BlackElo "1622"]
[Opening "Owen defense"]
[ECO "B00"]
[Time "16:29:37"]
[TimeControl "2700+45"]

1. e4 b6 2. d4 d6 3. Nc3 Bb7 4. Nf3 Nd7 5. Bd3 e6 6. O-O Ngf6 7. Re1 Be7 8. h3
O-O 9. Bf4 c5 10. e5 dxe5 11. dxe5 Nd5 12. Nxd5 Bxd5 13. c4 Bc6 14. Nd2 Bg5 15.
Bxh7+ Kxh7 16. Qh5+ Kg8 17. Bxg5 f6 18. exf6 Nxf6 19. Qe2 Bd7 20. Ne4 Qe8 21.
Bxf6 gxf6 22. Qg4+ Kh7 23. Qh4+ Kg7 24. Re3 Qd8 25. Rg3+ Kf7 26. Qh5+ Ke7 27.
Rg7+ Rf7 28. Qxf7# {Black checkmated} 1-0

[Event "Team 45 45 League T42"]
[Site "Internet Chess Club"]
[Date "2009.07.31"]
[Round "1"]
[White "frankd"]
[Black "Invicta-Knight"]
[Result "1-0"]
[WhiteElo "1575"]
[BlackElo "1548"]
[Opening "Caro-Kann: Panov-Botvinnik attack"]
[ECO "B13"]
[Time "12:21:49"]
[TimeControl "2700+45"]

1. e4 d5 2. exd5 Nf6 3. c4 c6 4. d4 cxd5 5. Nc3 dxc4 6. Bxc4 e6 7. Nf3 Bb4 8.
O-O O-O 9. a3 Bxc3 10. bxc3 Nbd7 11. Re1 Nb6 12. Bb3 Qc7 13. Qc2 Bd7 14. c4 Rac8
15. Ne5 Be8 16. Bg5 h6 17. Bd2 Bb5 18. Rac1 Ba6 19. a4 Rfd8 20. a5 Nbd7 21. f4
Nxe5 22. fxe5 Ne8 23. Qe4 Qe7 24. Re3 f6 25. exf6 gxf6 26. Rg3+ Kf8 27. Bxh6+
{Black resigns} 1-0

[Event "Team 45 45 League T42"]
[Site "Internet Chess Club"]
[Date "2009.08.01"]
[Round "1"]
[White "allanchs"]
[Black "tryanything"]
[Result "1-0"]
[WhiteElo "1530"]
[BlackElo "1533"]
[Opening "Sicilian: accelerated fianchetto, modern variation"]
[ECO "B34"]
[Time "04:49:28"]
[TimeControl "2700+45"]

1. e4 c5 2. Nf3 Nc6 3. d4 cxd4 4. Nxd4 g6 5. Nc3 Bg7 6. Be3 a6 7. Be2 d6 8. O-O
Nf6 9. f4 O-O 10. h3 e5 11. Nxc6 bxc6 12. fxe5 dxe5 13. Bg5 Qxd1 14. Raxd1 Nd7
15. Bc4 Nc5 16. Be7 Be6 17. Bxf8 Bxc4 18. Bxc5 Bxf1 19. Kxf1 h5 20. Rd7 {Black
resigns} 1-0

[Event "Team 45 45 League T42"]
[Site "Internet Chess Club"]
[Date "2009.08.04"]
[Round "1"]
[White "Fourclub"]
[Black "EyeAm"]
[Result "0-1"]
[WhiteElo "1451"]
[BlackElo "1529"]
[Opening "Petrov: Cochrane gambit"]
[ECO "C42"]
[Time "18:00:09"]
[TimeControl "2700+45"]

1. e4 e5 2. Nf3 Nf6 3. Nxe5 d6 4. Nxf7 Kxf7 5. d4 Be7 6. Nc3 Re8 7. Bc4+ Kf8 8.
Qf3 c6 9. O-O d5 10. exd5 Bg4 11. Qf4 Bd6 12. Qg5 cxd5 13. Nxd5 Be6 14. Nxf6
Qxf6 15. Qxf6+ gxf6 16. Bh6+ Kf7 17. d5 Bf5 18. c3 Nd7 19. Rfe1 Ne5 20. Be2 Nd3
21. Bxd3 Bxd3 22. Rxe8 Rxe8 23. g3 Re2 24. Bf4 Bxf4 25. gxf4 Rxb2 26. h4 Bc4 27.
d6 Ke6 28. Rd1 Kd7 29. a4 Rc2 30. Rb1 Bd5 31. Rd1 Kxd6 {White resigns} 0-1

[Event "Team 45 45 League T42"]
[Site "Internet Chess Club"]
[Date "2009.08.02"]
[Round "1"]
[White "BotanicalKnight"]
[Black "Sapienza"]
[Result "0-1"]
[WhiteElo "1506"]
[BlackElo "1616"]
[Opening "Bishop's opening"]
[ECO "C23"]
[Time "07:00:54"]
[TimeControl "2700+45"]

1. e4 e5 2. Bc4 Nc6 3. d3 Bc5 4. Nc3 Nf6 5. f4 exf4 6. Bxf4 d6 7. Nf3 O-O 8. Qd2
Nh5 9. Bg5 Qe8 10. Nd5 Qd7 11. O-O-O h6 12. Bxh6 gxh6 13. Qxh6 Qg4 14. Nf6+ Nxf6
15. Qxf6 Bd4 16. Qh6 Bg7 17. Qe3 Qh5 18. Kb1 Bg4 19. h3 Be6 20. g4 Qa5 21. Bxe6
fxe6 22. Ng5 Qb5 23. b3 Qe5 24. d4 Nxd4 25. Nxe6 Nxe6 {White resigns} 0-1

[Event "Team 45 45 League T42"]
[Site "Internet Chess Club"]
[Date "2009.08.02"]
[Round "1"]
[White "Andressa"]
[Black "ticopatzer"]
[Result "0-1"]
[WhiteElo "1483"]
[BlackElo "1574"]
[Opening "Robatsch (modern) defense"]
[ECO "B06"]
[Time "11:06:35"]
[TimeControl "2700+45"]

1. e4 g6 2. Nc3 Bg7 3. Nf3 d6 4. Bc4 Nf6 5. O-O O-O 6. d4 Nxe4 7. Qd3 Nxc3 8.
Qxc3 c5 9. Qe3 cxd4 10. Nxd4 d5 11. Bd3 Nc6 12. Nxc6 bxc6 13. Re1 e5 14. Qg3 e4
15. Be2 Qb6 16. c3 Bf5 17. b3 Rfe8 18. Be3 Qa5 19. b4 Qa3 20. Bd2 Qb2 21. Red1
e3 22. fxe3 Bxc3 23. Bxc3 Qxc3 24. Rac1 Qxe3+ 25. Qxe3 Rxe3 26. Bf3 Rc8 27. b5
cxb5 28. Rxc8+ Bxc8 29. Bxd5 Be6 30. Bc6 a6 31. Rd8+ Kg7 32. Ra8 Ra3 33. Bxb5 a5
34. Kf2 Rxa2+ 35. Kf1 Rxg2 36. Rxa5 Rxh2 37. Kg1 Rh5 {White resigns} 0-1

[Event "Team 45 45 League T42"]
[Site "Internet Chess Club"]
[Date "2009.07.30"]
[Round "1"]
[White "betto2506"]
[Black "reverendjim"]
[Result "1-0"]
[WhiteElo "1465"]
[BlackElo "1332"]
[Opening "Caro-Kann: Steinitz variation"]
[ECO "B17"]
[Time "23:00:34"]
[TimeControl "2700+45"]

1. e4 c6 2. d4 d5 3. Nc3 dxe4 4. Nxe4 Nd7 5. Nf3 Ngf6 6. Nfg5 Nxe4 7. Nxe4 g6 8.
c3 Bg7 9. Bc4 Nf6 10. Qf3 Bf5 11. Ng3 Bg4 12. Qf4 O-O 13. h3 Bd7 14. Be3 Nd5 15.
Qf3 Nxe3 16. fxe3 e6 17. O-O b5 18. Bb3 a5 19. e4 a4 20. Bc2 e5 21. d5 cxd5 22.
exd5 Qb6+ 23. Qf2 Qxf2+ 24. Rxf2 f5 25. a3 e4 26. Ne2 Bh6 27. Rff1 Be3+ 28. Kh1
h5 29. Nf4 Kg7 30. Rad1 Kf6 31. d6 Kg5 32. Nd5 Bc5 33. Nb4 e3 34. Rd5 Bxb4 35.
cxb4 e2 36. Re1 Be6 37. Re5 Bc4 38. Be4 Rad8 39. Bf3 Rxd6 40. Bxe2 Rc8 41. Bxc4
Rxc4 42. Rxb5 Rc2 43. Rc5 Rxb2 44. Re3 Rdd2 45. Rg3+ Kf4 46. Rxg6 Rb1+ 47. Kh2
Rdd1 48. Rc4+ Ke5 49. Rc5+ Kf4 50. Rc4+ Ke5 51. Kg3 Rd3+ 52. Kh4 Rxa3 53. Kxh5
Rab3 54. Rc5+ Kf4 55. Rc4+ Ke5 56. Ra6 Rxb4 57. Ra5+ Kd6 58. Ra6+ Kd5 59. Rxb4
Rxb4 60. Kg5 Kc5 61. Kxf5 Kb5 62. Ra8 Rb3 63. h4 Rb2 64. g4 Rf2+ 65. Kg6 Rf4 66.
Kg5 Rd4 67. h5 Rd5+ 68. Kh4 Rd7 69. h6 {Black resigns} 1-0

[Event "Team 45 45 League T42"]
[Site "Internet Chess Club"]
[Date "2009.08.02"]
[Round "1"]
[White "Zebbile"]
[Black "hewdondada"]
[Result "1-0"]
[WhiteElo "2015"]
[BlackElo "1757"]
[Opening "Queen's pawn game"]
[ECO "D02"]
[Time "13:00:56"]
[TimeControl "2700+45"]

1. Nf3 d5 2. d4 c6 3. Bf4 Nf6 4. e3 Bf5 5. c4 e6 6. Nc3 Be7 7. Qb3 Qb6 8. c5
Qxb3 9. axb3 Nbd7 10. b4 O-O 11. b5 Rfc8 12. bxc6 bxc6 13. Ba6 Rf8 14. Bb7 Nh5
15. Bxc6 Nxf4 16. exf4 Rad8 17. Rxa7 Nb8 18. Ne5 Bf6 19. Bb5 Bxe5 20. fxe5 Rc8
21. Kd2 f6 22. f4 fxe5 23. fxe5 Bg4 24. Ke3 Bh5 25. Rha1 Be8 26. Re7 Bxb5 27.
Nxb5 Rce8 28. Rxe8 Rxe8 29. Nc7 Re7 30. Ra8 Rxc7 31. Rxb8+ Kf7 32. b4 Ra7 33. c6
Ke7 34. Rb7+ {Black resigns} 1-0

[Event "Team 45 45 League T42"]
[Site "Internet Chess Club"]
[Date "2009.08.03"]
[Round "1"]
[White "mugurelt"]
[Black "pishd"]
[Result "0-1"]
[WhiteElo "1740"]
[BlackElo "1717"]
[Opening "Dutch defense"]
[ECO "A84"]
[Time "15:36:21"]
[TimeControl "2700+45"]

1. c4 f5 2. d4 e6 3. Nf3 Nf6 4. Nc3 Bb4 5. Qb3 c5 6. a3 Bxc3+ 7. Qxc3 Ne4 8. Qd3
O-O 9. e3 b6 10. Be2 Bb7 11. O-O d6 12. dxc5 Nxc5 13. Qc2 Be4 14. Qd1 e5 15. b4
Ne6 16. Bb2 Qe7 17. c5 bxc5 18. Bc4 Kh8 19. Bd5 Bxd5 20. Qxd5 Nc7 21. Qb7 Nba6
22. Rad1 Rfb8 23. Qc6 Rb6 24. Qa4 cxb4 25. Qc2 b3 26. Qxf5 Rf8 27. Qe4 Nc5 28.
Qc4 Qe6 29. Qh4 Qf6 30. Ng5 h6 31. f4 Kg8 32. fxe5 Qxg5 33. Qc4+ N7e6 34. Rxf8+
Kxf8 35. Rf1+ Ke7 36. exd6+ Rxd6 37. Re1 Rd2 38. Re2 Rd1+ 39. Kf2 Qf5+ 40. Kg3
Ne4+ 41. Kh4 Qg5+ 42. Kh3 Qh5# {White checkmated} 0-1

[Event "Team 45 45 League T42"]
[Site "Internet Chess Club"]
[Date "2009.08.01"]
[Round "1"]
[White "chesskix"]
[Black "toukon"]
[Result "1/2-1/2"]
[WhiteElo "1417"]
[BlackElo "1492"]
[Opening "Queen's pawn game, Darooha variation "]
[ECO "D02"]
[Time "20:00:19"]
[TimeControl "2700+45"]

1. d4 d5 2. Nf3 Nf6 3. g3 c6 4. Bg2 Bg4 5. O-O e6 6. Ne5 Bh5 7. Bf4 Nbd7 8. Nf3
Be7 9. c3 O-O 10. Nbd2 c5 11. h3 h6 12. Nh2 Qb6 13. g4 Bg6 14. Qb3 c4 15. Qxb6
axb6 16. Nhf3 b5 17. a3 Nb6 18. Ne5 Bh7 19. Rfe1 Na4 20. Ra2 Rfd8 21. Nef3 Bd6
22. Bxd6 Rxd6 23. Ne5 Nd7 24. Nxd7 Rxd7 25. e4 dxe4 26. Nxe4 Re8 27. Nc5 Nxc5
28. dxc5 Rc7 29. Raa1 Rxc5 30. Bxb7 h5 31. Bf3 hxg4 32. hxg4 Rg5 33. Kh2 Rd8 34.
Rad1 Bd3 35. Be2 Kf8 36. f4 Rgd5 37. Bf3 R5d6 38. Re5 Rc8 39. Rxb5 Rcd8 40. Re1
Bc2 41. Re2 Bd1 42. Rf2 Rd2 43. Kg3 Rxf2 44. Kxf2 Rd2+ 45. Kg3 Bb3 46. Rb8+ Ke7
47. Rb7+ Ke8 48. Bc6+ Kf8 49. Rb8+ Ke7 50. Rb7+ Kf8 51. Rb8+ Ke7 {Game drawn by
mutual agreement} 1/2-1/2

[Event "Team 45 45 League T42"]
[Site "Internet Chess Club"]
[Date "2009.08.01"]
[Round "1"]
[White "cityprosecutor"]
[Black "frank001"]
[Result "1/2-1/2"]
[WhiteElo "1785"]
[BlackElo "1919"]
[Opening "Alekhine's defense: exchange variation"]
[ECO "B02"]
[Time "22:00:11"]
[TimeControl "2700+45"]

1. e4 Nf6 2. e5 Nd5 3. c4 Nb6 4. d4 d6 5. exd6 exd6 6. Nc3 Be7 7. Bd3 O-O 8.
Nge2 Re8 9. O-O Nc6 10. h3 Bf6 11. b3 h6 12. Bb2 Nd7 13. a3 Nf8 14. Re1 Ne7 15.
Qc2 Neg6 16. Ne4 Be7 17. d5 Ne5 18. N2g3 Nxd3 19. Qxd3 Nd7 20. Nf5 Bf8 21. Qc3
f6 22. Qg3 Kh7 23. Nh4 g5 24. Nxf6+ Nxf6 25. Qd3+ Kg8 26. Qg6+ Bg7 27. Bxf6
Rxe1+ 28. Rxe1 Qxf6 29. Re8+ Qf8 30. Rxf8+ Kxf8 31. Nf5 Bxf5 32. Qxf5+ Kg8 33.
Qe6+ Kh8 34. Qd7 Be5 35. Qxc7 b6 36. b4 Rf8 37. Qe7 Kg8 38. Qe6+ Kg7 39. f3 Rf4
40. c5 bxc5 41. bxc5 Bd4+ 42. Kf1 Bxc5 43. Qe7+ Rf7 44. Qe4 Rf4 45. Qd3 Rd4 46.
Qc3 Kg6 47. Qc2+ Kf6 48. Qc3 Ke5 49. g3 Kxd5 50. Qb3+ Ke5 51. Qc3 Kd5 52. Qb3+
Ke5 {Game drawn by mutual agreement} 1/2-1/2